TOP OF THE 1ST |
Gwinnett Braves batting - Pitching for Syracuse Chiefs : RHP Jimmy Tasso
|
Pitching: RHP Jimmy Tasso
|
|
Batting: RHB Bill Turnbull
|
0-0: Ball 1-0: Ball 2-0: Ball 3-0: Called Strike 3-1: Base on Balls
|
Batting: RHB Luis Revilla
|
0-0: Ball 1-0: Called Strike 1-1: Fly out, F7 (Flyball, 78S, EV 91.2 MPH)
|
Batting: LHB Curt Nelson
|
0-0: Ball Bill Turnbull is caught stealing 2nd base 2-6 1-0: Foul Ball, location: 2F 1-1: Ground out 6-3 (Groundball, 6M, EV 85.0 MPH)
|
Top of the 1st over - 0 runs, 0 hits, 0 errors, 0 left on base; Gwinnett 0 - Syracuse 0 |
BOTTOM OF THE 1ST |
Syracuse Chiefs batting - Pitching for Gwinnett Braves : RHP Chris Thompson
|
Pitching: RHP Chris Thompson
|
|
Batting: LHB Dillon Gonzalez
|
0-0: Ball 1-0: Ball 2-0: Called Strike 2-1: Called Strike 2-2: Strikes out swinging
|
Batting: LHB Sidney Pedder
|
0-0: Swinging Strike 0-1: Foul Ball, location: 2F 0-2: Ball 1-2: Foul Ball, location: 2F 1-2: Ball 2-2: Foul Ball, location: 2F 2-2: SINGLE (Groundball, 34D, EV 86.9 MPH) (infield hit)
|
Batting: LHB Dana McDonald
|
0-0: Ball 1-0: Called Strike 1-1: Ball 2-1: Ball 3-1: Fly out, F4 (Popup, 13S, EV 84.4 MPH)
|
Batting: RHB Jared Speck
|
0-0: Ball 1-0: Called Strike 1-1: Swinging Strike 1-2: Foul Ball, location: 2F 1-2: Ball 2-2: Strikes out swinging
|
Bottom of the 1st over - 0 runs, 1 hit, 0 errors, 1 left on base; Gwinnett 0 - Syracuse 0 |
TOP OF THE 2ND |
Gwinnett Braves batting - Pitching for Syracuse Chiefs : RHP Jimmy Tasso
|
Batting: LHB Bobby Upton
|
0-0: Ball 1-0: Ball 2-0: Swinging Strike 2-1: Ball 3-1: Foul Ball, location: 2F 3-2: Strikes out swinging
|
Batting: RHB Ian Sousa
|
0-0: Ball 1-0: Ground out 4-3 (Groundball, 4, EV 104.4 MPH)
|
Batting: RHB T.J. Jordan
|
0-0: Called Strike 0-1: Called Strike 0-2: Ball 1-2: Foul Ball, location: 2F 1-2: Foul Ball, location: 2F 1-2: Foul Ball, location: 2F 1-2: Foul Ball, location: 2F 1-2: Strikes out swinging
|
Top of the 2nd over - 0 runs, 0 hits, 0 errors, 0 left on base; Gwinnett 0 - Syracuse 0 |
BOTTOM OF THE 2ND |
Syracuse Chiefs batting - Pitching for Gwinnett Braves : RHP Chris Thompson
|
Batting: SHB Alex Ethridge
|
0-0: Foul Ball, location: 2F 0-1: Ground out 1-3 (Groundball, 13S, EV 70.0 MPH)
|
Batting: RHB Ben Welt
|
0-0: Ground out 3-1 (Groundball, 34, EV 84.4 MPH)
|
Batting: RHB Ryan Short
|
0-0: Ground out 5-3 (Groundball, 5L, EV 86.2 MPH)
|
Bottom of the 2nd over - 0 runs, 0 hits, 0 errors, 0 left on base; Gwinnett 0 - Syracuse 0 |
TOP OF THE 3RD |
Gwinnett Braves batting - Pitching for Syracuse Chiefs : RHP Jimmy Tasso
|
Batting: RHB Ethan McCullough
|
0-0: Ball 1-0: Ball 2-0: Ground out 4-3 (Groundball, 4M, EV 80.0 MPH)
|
Batting: SHB Tim Rodgers
|
0-0: Foul Ball, location: 2F 0-1: Ball 1-1: Foul Ball, location: 2F 1-2: Ball 2-2: Ball 3-2: Foul Ball, location: 2F 3-2: Foul Ball, location: 2F 3-2: Base on Balls
|
Batting: RHB Bobby Light
|
0-0: Ball Tim Rodgers steals 2nd base 1-0: Ball 2-0: Swinging Strike 2-1: Foul Ball, location: 2F 2-2: Ball 3-2: Foul Ball, location: 2F 3-2: Foul Ball, location: 2F 3-2: Strikes out swinging
|
Batting: RHB Bill Turnbull
|
0-0: Ball 1-0: Ball 2-0: Ball 3-0: Base on Balls
|
Batting: RHB Luis Revilla
|
0-0: SINGLE (Groundball, 4MD, EV 99.4 MPH) (infield hit) Tim Rodgers to third Bill Turnbull to second
|
Batting: LHB Curt Nelson
|
0-0: Swinging Strike 0-1: Ball 1-1: Ball 2-1: Foul Ball, location: 2F 2-2: Strikes out swinging
|
Top of the 3rd over - 0 runs, 1 hit, 0 errors, 3 left on base; Gwinnett 0 - Syracuse 0 |
BOTTOM OF THE 3RD |
Syracuse Chiefs batting - Pitching for Gwinnett Braves : RHP Chris Thompson
|
Batting: RHB Ryota Tenno
|
0-0: Ball 1-0: Ball 2-0: Ground out 5-3 (Groundball, 56, EV 100.0 MPH)
|
Batting: RHB Josh Lykins
|
0-0: Foul Ball, location: 2F 0-1: Called Strike 0-2: Ball 1-2: Foul Ball, location: 2F 1-2: Ground out 4-3 (Groundball, 4, EV 88.8 MPH)
|
Batting: LHB Dillon Gonzalez
|
0-0: SINGLE (Groundball, 5D, EV 97.5 MPH)
|
Batting: LHB Sidney Pedder
|
0-0: Ball 1-0: Ball 2-0: Foul Ball, location: 2F 2-1: Foul Ball, location: 2F 2-2: Fly out, F7 (Line Drive, 7, EV 93.8 MPH)
|
Bottom of the 3rd over - 0 runs, 1 hit, 0 errors, 1 left on base; Gwinnett 0 - Syracuse 0 |
TOP OF THE 4TH |
Gwinnett Braves batting - Pitching for Syracuse Chiefs : RHP Jimmy Tasso
|
Batting: LHB Bobby Upton
|
0-0: Ball 1-0: Ball 2-0: Ground out U3 (Groundball, 3, EV 88.8 MPH)
|
Batting: RHB Ian Sousa
|
0-0: Ball 1-0: Foul Ball, location: 2F 1-1: Ball 2-1: Foul Ball, location: 2F 2-2: Ball 3-2: Ground out 6-3 (Groundball, 6, EV 85.6 MPH)
|
Batting: RHB T.J. Jordan
|
0-0: Called Strike 0-1: Called Strike 0-2: Ball 1-2: DOUBLE (Line Drive, 7LS, EV 98.8 MPH)
|
Batting: RHB Ethan McCullough
|
0-0: Ground out 4-3 (Groundball, 4, EV 83.8 MPH)
|
Top of the 4th over - 0 runs, 1 hit, 0 errors, 1 left on base; Gwinnett 0 - Syracuse 0 |
BOTTOM OF THE 4TH |
Syracuse Chiefs batting - Pitching for Gwinnett Braves : RHP Chris Thompson
|
Batting: LHB Dana McDonald
|
0-0: Ball 1-0: Ball 2-0: Ball 3-0: Base on Balls
|
Batting: RHB Jared Speck
|
0-0: Called Strike 0-1: Foul Ball, location: 2F 0-2: Ball 1-2: Ball 2-2: DOUBLE (Line Drive, 7LM, EV 111.9 MPH) Dana McDonald to third Dana McDonald scores
|
Batting: SHB Alex Ethridge
|
0-0: Ground out 6-3 (Groundball, 56, EV 91.9 MPH)
|
Batting: RHB Ben Welt
|
0-0: Ball 1-0: Called Strike 1-1: Ball 2-1: Ball 3-1: Base on Balls
|
Batting: RHB Ryan Short
|
0-0: Foul Ball, location: 2F 0-1: Grounds into double play, 6-4-3 (Groundball, 6S, EV 80.6 MPH)
|
Bottom of the 4th over - 1 run, 1 hit, 0 errors, 1 left on base; Gwinnett 0 - Syracuse 1 |
TOP OF THE 5TH |
Gwinnett Braves batting - Pitching for Syracuse Chiefs : RHP Jimmy Tasso
|
Batting: SHB Tim Rodgers
|
0-0: Called Strike 0-1: Called Strike 0-2: Ball 1-2: Ground out 4-3 (Groundball, 13, EV 86.9 MPH)
|
Batting: RHB Bobby Light
|
0-0: Called Strike 0-1: Swinging Strike 0-2: Strikes out swinging
|
Batting: RHB Bill Turnbull
|
0-0: Called Strike 0-1: Swinging Strike 0-2: Strikes out looking
|
Top of the 5th over - 0 runs, 0 hits, 0 errors, 0 left on base; Gwinnett 0 - Syracuse 1 |
BOTTOM OF THE 5TH |
Syracuse Chiefs batting - Pitching for Gwinnett Braves : RHP Chris Thompson
|
Batting: RHB Ryota Tenno
|
0-0: Fly out, F4 (Popup, 4D, EV 54.4 MPH)
|
Batting: RHB Josh Lykins
|
0-0: Ball 1-0: Foul Ball, location: 2F 1-1: Ball 2-1: Foul Ball, location: 2F 2-2: Foul Ball, location: 2F 2-2: Ball 3-2: Foul Ball, location: 2F 3-2: TRIPLE (Flyball, 78XD, EV 95.6 MPH)
|
Batting: LHB Dillon Gonzalez
|
0-0: Foul Ball, location: 2F 0-1: Ball 1-1: Called Strike 1-2: Ball Wild Pitch! Josh Lykins scores 2-2: Ground out 4-3 (Groundball, 4, EV 84.4 MPH)
|
Batting: LHB Sidney Pedder
|
0-0: Ball 1-0: Foul Ball, location: 2F 1-1: Swinging Strike 1-2: Ball 2-2: SINGLE (Line Drive, 7S, EV 110.0 MPH)
|
Batting: LHB Dana McDonald
|
0-0: Ball 1-0: Called Strike Sidney Pedder steals 2nd base 1-1: SINGLE (Groundball, 34D, EV 106.2 MPH) Sidney Pedder to third Runner from 3rd tries for Home, SAFE, throw by RF to home
|
Batting: RHB Jared Speck
|
0-0: Ball 1-0: Called Strike 1-1: Called Strike Dana McDonald steals 2nd base 1-2: Foul Ball, location: 2F 1-2: Ball 2-2: Fly out, F5 (Flyball, 5D, EV 93.8 MPH)
|
Bottom of the 5th over - 2 runs, 3 hits, 0 errors, 1 left on base; Gwinnett 0 - Syracuse 3 |
TOP OF THE 6TH |
Gwinnett Braves batting - Pitching for Syracuse Chiefs : RHP Jimmy Tasso
|
Batting: RHB Luis Revilla
|
0-0: Ball 1-0: Ball 2-0: Ball 3-0: Base on Balls
|
Batting: LHB Curt Nelson
|
0-0: Ball Luis Revilla steals 2nd base 1-0: Fly out, F8 (Flyball, 78D, EV 90.6 MPH)
|
Batting: LHB Bobby Upton
|
0-0: SINGLE (Groundball, 34S, EV 72.5 MPH) (infield hit) Luis Revilla to third
|
Batting: RHB Ian Sousa
|
0-0: Ball Bobby Upton steals 2nd base 1-0: Ball 2-0: Swinging Strike 2-1: Swinging Strike 2-2: Foul Ball, location: 2F 2-2: Strikes out swinging
|
Batting: RHB T.J. Jordan
|
0-0: Ball 1-0: Ball 2-0: Called Strike 2-1: SINGLE (Groundball, 4D, EV 106.9 MPH) Luis Revilla scores Bobby Upton to third Runner from 3rd tries for Home, SAFE, throw by CF to home
|
Pitching: RHP Johnny Marquez
|
|
Pinch Hitting: LHB Jose Chinchilla
|
0-0: Foul Ball, location: 2F 0-1: Ball 1-1: Ground out 4-3 (Groundball, 4, EV 83.8 MPH)
|
Top of the 6th over - 2 runs, 2 hits, 0 errors, 1 left on base; Gwinnett 2 - Syracuse 3 |
BOTTOM OF THE 6TH |
Syracuse Chiefs batting - Pitching for Gwinnett Braves : RHP Chris Thompson
|
Now at 2B: Jose Chinchilla
|
|
Now at 3B: Bill Turnbull
|
|
Batting: SHB Alex Ethridge
|
0-0: Ground out U3 (Groundball, 3, EV 93.8 MPH)
|
Batting: RHB Ben Welt
|
0-0: Ground out 6-3 (Groundball, 6D, EV 100.0 MPH)
|
Batting: RHB Ryan Short
|
0-0: Bunt missed! 0-1: Ball 1-1: Ball 2-1: Foul Ball, location: 2F 2-2: Foul Ball, location: 2F 2-2: SINGLE (Groundball, 56D, EV 103.1 MPH)
|
Batting: RHB Ryota Tenno
|
0-0: Called Strike 0-1: Called Strike 0-2: Ball 1-2: Strikes out looking
|
Bottom of the 6th over - 0 runs, 1 hit, 0 errors, 1 left on base; Gwinnett 2 - Syracuse 3 |
TOP OF THE 7TH |
Gwinnett Braves batting - Pitching for Syracuse Chiefs : RHP Johnny Marquez
|
Batting: SHB Tim Rodgers
|
0-0: Ball 1-0: Called Strike 1-1: Ground out 4-3 (Groundball, 4, EV 96.9 MPH)
|
Pinch Hitting: RHB Jake Lang
|
0-0: Called Strike 0-1: Called Strike 0-2: Ball 1-2: Strikes out swinging
|
Batting: RHB Bill Turnbull
|
0-0: Foul Ball, location: 2F 0-1: Ball 1-1: Ball 2-1: Ball 3-1: Ground out 5-3 (Groundball, 56, EV 103.8 MPH)
|
Top of the 7th over - 0 runs, 0 hits, 0 errors, 0 left on base; Gwinnett 2 - Syracuse 3 |
BOTTOM OF THE 7TH |
Syracuse Chiefs batting - Pitching for Gwinnett Braves : RHP Chris Thompson
|
Pitching: RHP Carlos Heredia
|
|
Now at 2B: Bill Turnbull
|
|
Now at 3B: Jesse Lester
|
|
Now at SS: Jose Chinchilla
|
|
Batting: RHB Josh Lykins
|
0-0: Ball 1-0: Ball 2-0: Foul Ball, location: 2F 2-1: Swinging Strike 2-2: Ball 3-2: Foul Ball, location: 2F 3-2: Strikes out looking
|
Batting: LHB Dillon Gonzalez
|
0-0: Called Strike 0-1: SINGLE (Groundball, 4M, EV 96.2 MPH) (infield hit)
|
Batting: LHB Sidney Pedder
|
0-0: Ball 1-0: Ball Dillon Gonzalez steals 2nd base (no throw) 2-0: Fly out, F7 (Line Drive, 78M, EV 106.9 MPH)
|
Batting: LHB Dana McDonald
|
0-0: Ground out 4-3 (Groundball, 4M, EV 81.2 MPH)
|
Bottom of the 7th over - 0 runs, 1 hit, 0 errors, 1 left on base; Gwinnett 2 - Syracuse 3 |
TOP OF THE 8TH |
Gwinnett Braves batting - Pitching for Syracuse Chiefs : RHP Johnny Marquez
|
Batting: RHB Luis Revilla
|
0-0: Called Strike 0-1: Foul Ball, location: 2F 0-2: Ball 1-2: Ball 2-2: Foul Ball, location: 2F 2-2: Ball 3-2: Reached on error, E6 (Groundball, 6, EV 103.1 MPH)
|
Pitching: LHP James Knapp
|
|
Batting: LHB Curt Nelson
|
0-0: Ball 1-0: Foul Ball, location: 2F 1-1: Swinging Strike 1-2: Ball 2-2: Fielders Choice at 2nd, 2-6 (Groundball, 13S, EV 65.0 MPH)
|
Batting: LHB Bobby Upton
|
0-0: Ball 1-0: Called Strike 1-1: SINGLE (Groundball, 6MD, EV 100.6 MPH) Curt Nelson to second Runner from 2nd tries for 3rd, SAFE, throw by CF made at trailing runner, OUT! 8-4
|
Batting: RHB Ian Sousa
|
0-0: Ball 1-0: Called Strike 1-1: Ball 2-1: Ball 3-1: Swinging Strike 3-2: Foul Ball, location: 2F 3-2: Foul Ball, location: 2F 3-2: Base on Balls
|
Batting: RHB T.J. Jordan
|
0-0: Called Strike 0-1: SINGLE (Line Drive, 3D, EV 96.9 MPH) Curt Nelson scores Ian Sousa to second Runner from 2nd tries for 3rd, SAFE, throw by RF made to third
|
Batting: LHB Jose Chinchilla
|
0-0: Foul Ball, location: 2F 0-1: Ball 1-1: Foul Ball, location: 2F 1-2: Hit by Pitch T.J. Jordan to second
|
Batting: SHB Tim Rodgers
|
0-0: Foul Ball, location: 2F 0-1: Fielders Choice at 2nd, 6-4 (Groundball, 6, EV 87.5 MPH)
|
Top of the 8th over - 1 run, 2 hits, 1 error, 3 left on base; Gwinnett 3 - Syracuse 3 |
BOTTOM OF THE 8TH |
Syracuse Chiefs batting - Pitching for Gwinnett Braves : RHP Carlos Heredia
|
Pitching: LHP Roger Ipock
|
|
Batting: RHB Jared Speck
|
0-0: Called Strike 0-1: Called Strike 0-2: Ball 1-2: Ball 2-2: Foul Ball, location: 2F 2-2: Fly out, F7 (Flyball, 7D, EV 81.9 MPH)
|
Batting: SHB Alex Ethridge
|
0-0: Ball 1-0: Ball 2-0: Foul Ball, location: 2F 2-1: Fly out, F9 (Flyball, 9LS, EV 81.9 MPH)
|
Batting: RHB Ben Welt
|
0-0: Fly out, F4 (Popup, 34, EV 59.4 MPH)
|
Bottom of the 8th over - 0 runs, 0 hits, 0 errors, 0 left on base; Gwinnett 3 - Syracuse 3 |
TOP OF THE 9TH |
Gwinnett Braves batting - Pitching for Syracuse Chiefs : LHP James Knapp
|
Batting: RHB Jesse Lester
|
0-0: Ball 1-0: SINGLE (Groundball, 25, EV 68.8 MPH) (infield hit)
|
Batting: RHB Bill Turnbull
|
0-0: Ball Jesse Lester steals 2nd base (no throw) 1-0: Intentional Walk
|
Batting: RHB Luis Revilla
|
0-0: Ball 1-0: Ball 2-0: Bunted foul 2-1: Bunt missed! 2-2: Fly out, F9 (Flyball, 89M, EV 94.4 MPH)
|
Batting: LHB Curt Nelson
|
0-0: Foul Ball, location: 2F 0-1: Swinging Strike 0-2: Ball 1-2: 3-RUN HOME RUN (Line Drive, 89XD, EV 110.6 MPH), Distance : 412 ft
|
Pitching: RHP Danny Newbegin
|
|
Batting: LHB Bobby Upton
|
0-0: Ball 1-0: SINGLE (Line Drive, 8RS, EV 91.2 MPH)
|
Batting: RHB Ian Sousa
|
0-0: Called Strike 0-1: Called Strike Bobby Upton is caught stealing 2nd base 2-4 0-2: Ball 1-2: Ball 2-2: Strikes out swinging
|
Top of the 9th over - 3 runs, 3 hits, 0 errors, 0 left on base; Gwinnett 6 - Syracuse 3 |
BOTTOM OF THE 9TH |
Syracuse Chiefs batting - Pitching for Gwinnett Braves : LHP Roger Ipock
|
Batting: RHB Ryan Short
|
0-0: Ground out 6-3 (Groundball, 6, EV 91.2 MPH)
|
Batting: RHB Ryota Tenno
|
0-0: Ball 1-0: Foul Ball, location: 2F 1-1: Called Strike 1-2: Foul Ball, location: 2F 1-2: Foul Ball, location: 2F 1-2: Ball 2-2: Ball 3-2: Base on Balls
|
Batting: RHB Josh Lykins
|
0-0: Ball 1-0: Called Strike 1-1: Swinging Strike 1-2: Ball 2-2: Strikes out looking
|
Batting: LHB Dillon Gonzalez
|
0-0: Ground out U3 (Groundball, 34, EV 84.4 MPH)
|
Bottom of the 9th over - 0 runs, 0 hits, 0 errors, 1 left on base; Gwinnett 6 - Syracuse 3 |
|